[Event "Betsys MČR v online bleskovém šachu 2021"]
[Site "Chess.com"]
[Date "2021.04.17"]
[Round "13"]
[White "horalek"]
[Black "AdaTra"]
[Result "0-1"]
[WhiteElo "1341"]
[BlackElo "1659"]
[TimeControl "180+1"]
[EndTime "11:11:27 PDT"]
[Termination "Uživatel AdaTra zvítězil matem"]

1. d4 d5 2. Bf4 Nf6 3. e3 c5 4. c3 Nc6 5. Nd2 Bf5 6. Ngf3 e6 7. h3 Bd6 8. Be2 Bxf4 9. exf4 cxd4 10. cxd4 O-O 11.
O-O Qb6 12. Nb3 Be4 13. Nc5 Bxf3 14. Bxf3 Rfc8 15. Rc1 a6 16. b3 Ne7 17. Re1 Rc6 18. g4 Rac8 19. g5 Ne8 20. Bg4 Nd6 21. Bxe6 fxe6 22. Rxe6 Ndf5 23. Qd2 Rxe6 24. Nxe6 Rxc1+ 25.
Qxc1 Qxe6 26. Qd2 Nc6 27. Kg2 Qe4+ 28. f3 Qxd4 29. Qe2 Qe3 30. Qc2 Nfd4 31. Qd1 Qe2+ 32. Qxe2 Nxe2 33. Kf2 Nc3 34. f5 Nxa2 35. Kg3 d4 36.
Kf4 Nc3 37. h4 Kf7 38. h5 g6 39. fxg6+ hxg6 40. h6 b5 41. Kg4 d3 42. f4 d2 43. f5 d1=Q+ 44. Kh4 Qh1+ 45. Kg3 Ne4+ 46.
Kf4 Qh4+ 47. Ke3 gxf5 48. h7 Qxh7 49. g6+ Qxg6 50. b4 Qg3+ 51. Ke2 Nd4+ 52. Kf1 Qf2# 0-1

[Event "Betsys MČR v online bleskovém šachu 2021"]
[Site "Chess.com"]
[Date "2021.04.17"]
[Round "13"]
[White "krystofkrizek1"]
[Black "Filipdol"]
[Result "0-1"]
[WhiteElo "2117"]
[BlackElo "1923"]
[TimeControl "180+1"]
[EndTime "11:11:32 PDT"]
[Termination "Uživatel Filipdol zvítězil na čas"]

1. Nf3 Nf6 2. d4 g6 3. b3 Bg7 4. Bb2 O-O 5. e3 d6 6. Bd3 c5 7. Nbd2 a6 8. O-O Bd7 9. Qe2 Nc6 10. c3 e6 11. e4 e5 12. Rac1 b6 13. a4 a5 14. Nc4 Qc7 15. Bb1 Nh5 16. Qd1 Rad8 17. Ne3 Ne7 18. h3 Nf4 19. dxc5 dxc5 20. Qc2 Be6 21.
c4 Nc6 22. Nd5 Bxd5 23. exd5 Nd4 24. Bxd4 exd4 25. Ne1 Rfe8 26. Kh1 Qd7 27. Nf3 Re2 28. Qd1 Rde8 29. Bd3 R2e7 30. Qd2 Bh6 31. Qc2 Nxh3 32.
gxh3 Qxh3+ 33. Nh2 Bf4 34. f3 Re2 35. Rf2 Rxc2 36. Rcxc2 Re1+ 37. Rf1 Rxf1+ 38. Bxf1 Qg3 39. Rg2 Qe1 40. Re2 Qb4 41. Ng4 Qxb3 42. d6 Qxf3+ 43. Rg2 Qc6 0-1

[Event "Betsys MČR v online bleskovém šachu 2021"]
[Site "Chess.com"]
[Date "2021.04.17"]
[Round "13"]
[White "EXTREME_STRATEGY007"]
[Black "Listro33"]
[Result "1-0"]
[WhiteElo "1435"]
[BlackElo "1849"]
[TimeControl "180+1"]
[EndTime "11:11:32 PDT"]
[Termination "Uživatel EXTREME_STRATEGY007 zvítězil na čas"]

1. e4 c6 2. d4 d5 3. Nc3 dxe4 4. Nxe4 Nd7 5. Nf3 Ngf6 6. Bg5 Nxe4 7. Bf4 e6 8. Qe2 Nef6 9. c4 Bb4+ 10. Nd2 O-O 11. c5 Nd5 12. Bd6 Re8 13. O-O-O Bxd2+ 14. Rxd2 b6 15. g3 a5 16. Bg2 Ba6 17. Qg4 N7f6 18. Qg5 h6 19. Qe5 Ng4 20. Qe1 Qg5 21. f4 Qg6 22. Be4 Qf6 23. h3 Nge3 24. Be5 Qe7 25. Bd6 Qd7 26.
g4 f5 27. Bf3 Nc4 28. Rc2 Nxd6 29. cxd6 Qxd6 30. gxf5 Qxf4+ 31. Kb1 Qxf5 32. Be4 Qf7 33. Rf1 Qe7 34. Rg1 Rac8 35. Qg3 Rf8 36. Rcg2 Rf7 37. Bg6 Rf6 38. Bh5 1-0

[Event "Betsys MČR v online bleskovém šachu 2021"]
[Site "Chess.com"]
[Date "2021.04.17"]
[Round "13"]
[White "Countryside_58"]
[Black "DenryS"]
[Result "1-0"]
[WhiteElo "2422"]
[BlackElo "2209"]
[TimeControl "180+1"]
[EndTime "11:11:33 PDT"]
[Termination "Uživatel Countryside_58 zvítězil na čas"]

1. h4 d5 2. h5 Nc6 3. d4 Bf5 4.
Nf3 Qd7 5. Bf4 e6 6. e3 Nf6 7.
Ne5 Qe7 8. c3 h6 9. Bb5 a6 10.
Nxc6 Qd7 11. Ba4 bxc6 12. Nd2 Rb8 13. Nf3 Bd6 14. Qe2 Bg4 15. Qxa6 O-O 16. Ne5 Bxe5 17.
Bxe5 Rb6 18. Qa7 Rxb2 19. f3 Bf5 20. O-O Nxh5 21. Qxc7 Qxc7 22. Bxc7 Rc8 23. Be5 Nf6 24. Bb3 c5 25. c4 dxc4 26. Bxc4 Rc2 27. Bb3 Re2 28. dxc5 Rxe3 29. Bd6 Nd5 30. Rac1 Rc3 31. Rxc3 Nxc3 32. Kf2 Bd3 33. Rc1 Nd5 34. c6 Bb5 35. c7 Nb6 36. a4 Bxa4 37. Bxa4 Nxa4 38. Rc6 f6 39. Ra6 1-0

[Event "Betsys MČR v online bleskovém šachu 2021"]
[Site "Chess.com"]
[Date "2021.04.17"]
[Round "13"]
[White "Jakuboss22005"]
[Black "sodikus"]
[Result "1/2-1/2"]
[WhiteElo "2094"]
[BlackElo "2259"]
[TimeControl "180+1"]
[EndTime "11:11:34 PDT"]
[Termination "Remíza opakováním pozice"]

1. c4 e5 2. g3 c6 3. Nf3 e4 4. Nd4 Nf6 5. Bg2 d5 6. cxd5 cxd5 7. O-O Nc6 8. Nxc6 bxc6 9. d3 exd3 10. Qxd3 Be7 11.
Nc3 O-O 12. Bg5 Rb8 13. b3 h6 14. Bf4 Rb4 15. Rfd1 Re8 16. Rac1 Bf8 17. Na4 Bd7 18.
Nc5 Bxc5 19. Rxc5 Ne4 20. Rc2 Qb6 21. Be3 Qb8 22. Bd2 Nxd2 23. Qxd2 a5 24. e4 d4 25. Rc4 Rxc4 26. bxc4 c5 27. Qxa5 Qd6 28. Rb1 d3 29. Qc3 Bc6 30. Rd1 Rd8 31. e5 Qc7 32. Bxc6 Qxc6 33. Rxd3 Ra8 34. Rd2 Qe4 35. Qe3 Qxc4 36. Kg2 Rxa2 37. Rxa2 Qxa2 38. Qxc5 Qa8+ 39. f3 Qa2+ 40.
Kh3 Qe2 41. Qc8+ Kh7 42. Qf5+ Kg8 43. Qc8+ Kh7 44. Qf5+ Kg8 45. Qc8+ 1/2-1/2

[Event "Betsys MČR v online bleskovém šachu 2021"]
[Site "Chess.com"]
[Date "2021.04.17"]
[Round "13"]
[White "petiva3"]
[Black "JohnnyDuck64"]
[Result "0-1"]
[WhiteElo "1454"]
[BlackElo "2061"]
[TimeControl "180+1"]
[EndTime "11:11:34 PDT"]
[Termination "Uživatel JohnnyDuck64 zvítězil matem"]

1. e4 c5 2. Ne2 d6 3. g3 g6 4. Bg2 Bg7 5. O-O Nc6 6. c3 e5 7. d3 Nge7 8. Be3 O-O 9. d4 cxd4 10. cxd4 exd4 11. Nxd4 Ne5 12. h3 Nc4 13. Qe2 Nxe3 14. Qxe3 Nc6 15. Nxc6 bxc6 16. Nc3 Re8 17. Rad1 Qe7 18.
Rfe1 Rb8 19. Qd2 Be6 20. e5 Bxe5 21. Bxc6 Red8 22. Bg2 Qf6 23. Ne4 Qg7 24. b3 d5 25. Ng5 Bc3 26. Qe2 Bxe1 27. Rxe1 Rb6 28.
Rd1 d4 29. Nxe6 Rxe6 30. Qb2 Red6 31. Kf1 d3 32. Qxg7+ Kxg7 33. Ke1 Re8+ 34. Kd2 Re2+ 35. Kc3 Rxf2 36. Be4 d2 37. Bd3 Rf3 38. Rxd2 Rxg3 39.
Kc4 Rxh3 40. a4 a5 41. Rd1 h5 42. Be2 Rxd1 43. Bxd1 h4 44. b4 axb4 45. Kxb4 Rd3 46. Bc2 Rd2 47. Bb3 h3 48. a5 h2 49. a6 h1=Q 50. a7 Qb7+ 51. Kc3 Rd3+ 52. Kc4 Qxb3+ 53. Kc5 Rc3+ 54. Kd4 Qc4+ 55. Ke5 Re3+ 56. Kd6 Re6+ 57. Kd7 Qc6+ 58. Kd8 Re8# 0-1

[Event "Betsys MČR v online bleskovém šachu 2021"]
[Site "Chess.com"]
[Date "2021.04.17"]
[Round "13"]
[White "kol340"]
[Black "honzasoucek"]
[Result "1-0"]
[WhiteElo "1896"]
[BlackElo "1644"]
[TimeControl "180+1"]
[EndTime "11:11:37 PDT"]
[Termination "Uživatel kol340 zvítězil matem"]

1. d4 d5 2. Nf3 Nf6 3. Bf4 c5 4. e3 Nc6 5. c3 Qb6 6. b3 Bf5 7. Bd3 Bxd3 8. Qxd3 e6 9. O-O Be7 10. Nbd2 O-O 11. h3 a6 12. Rfc1 Rac8 13. Rc2 Qa7 14. Rac1 b5 15. e4 dxe4 16. Nxe4 Nxe4 17. Qxe4 cxd4 18. cxd4 Ba3 19. Rd1 Ne7 20. Be3 Nd5 21. Bc1 Be7 22. Bb2 Bf6 23. Rdc1 Rxc2 24. Qxc2 h6 25. Ba3 b4 26. Bb2 a5 27. Qc5 Qxc5 28.
Rxc5 Ra8 29. g4 a4 30. h4 axb3 31. axb3 Ra2 32. Bc1 Nc3 33. Kg2 Ne2 34. Be3 Rb2 35. g5 hxg5 36. hxg5 Be7 37. Rc7 Bd6 38. Rc6 Bb8 39.
Rc8+ Kh7 40. Rxb8 Rxb3 41. Rb7 Kg6 42. Ne5+ Kh5 43. Rxf7 Rb1 44. Rxg7 b3 45. Rh7# 1-0

[Event "Betsys MČR v online bleskovém šachu 2021"]
[Site "Chess.com"]
[Date "2021.04.17"]
[Round "13"]
[White "Vojta0007"]
[Black "Danyjel"]
[Result "1-0"]
[WhiteElo "1473"]
[BlackElo "1681"]
[TimeControl "180+1"]
[EndTime "11:11:37 PDT"]
[Termination "Uživatel Vojta0007 zvítězil na čas"]

1. d4 Nf6 2. c4 g6 3. Nc3 Bg7 4. e4 d6 5. Nf3 O-O 6. Bd3 Bg4 7. h3 Bxf3 8. Qxf3 Nbd7 9. O-O c5 10. d5 Ne5 11. Qe2 Nxd3 12. Qxd3 Nd7 13. Rb1 Ne5 14. Qe2 Qb6 15. b3 Nd7 16. Bb2 a5 17. Na4 Qd8 18. Nc3 Ne5 19. Rbd1 Nd7 20. Nb5 a4 21. Bxg7 Kxg7 22.
Qb2+ Kg8 23. f4 axb3 24. axb3 Nf6 25. e5 Nh5 26. Rf3 f5 27. exd6 exd6 28. Re1 Rf6 29. Qc1 Qf8 30. Qe3 Ng7 31. Qe7 Rf7 32. Qxf8+ Rfxf8 33. Nxd6 b6 34. Nb5 Ra2 35. Rf2 Rfa8 36. Ree2 Ra1+ 37. Kh2 Nh5 38. g3 Rb1 39. Rb2 Re1 40. Kg2 Raa1 41. Kf3 Nf6 42. Nc3 Rac1 43. Rbc2 1-0

[Event "Betsys MČR v online bleskovém šachu 2021"]
[Site "Chess.com"]
[Date "2021.04.17"]
[Round "13"]
[White "florenc1330"]
[Black "Tynano"]
[Result "0-1"]
[WhiteElo "2103"]
[BlackElo "2008"]
[TimeControl "180+1"]
[EndTime "11:11:38 PDT"]
[Termination "Uživatel Tynano zvítězil po vzdání soupeře"]

1. c4 e5 2. g3 Nc6 3. Bg2 Nf6 4. Nc3 g6 5. Nf3 Bg7 6. O-O d6 7. d3 O-O 8. Rb1 Nh5 9. b4 f5 10. b5 Ne7 11. Nd5 Nxd5 12. cxd5 f4 13. Qc2 Bf5 14.
Bd2 Qd7 15. Rfc1 Rac8 16. a4 Bh3 17. Bh1 h6 18. d4 e4 19. Nh4 fxg3 20. hxg3 Nxg3 21.
fxg3 Qg4 22. Be1 Bxd4+ 23. Kh2 Bf2 24. Rb3 Bxe1 25. Rxe1 Rf2+ 26. Bg2 Rcf8 27. Kg1 Bxg2 28. Nxg2 Qh3 29. Qxe4 Qh5 30. Qe6+ Kh8 31. Rf3 R2xf3 32.
exf3 Qxf3 33. Qe4 Qxg3 34. Qd4+ Kg8 35. Qe3 Qg4 36. Qe6+ Qxe6 37. Rxe6 Rf5 38. Rxg6+ Kf7 39. Rxh6 Rxd5 40. Rh7+ Ke6 41. Rxc7 Rd4 42. Rxb7 Rxa4 43. Rxa7 Rxa7 44. Kf2 Ra1 45. Ke3 Rb1 46. Nf4+ Ke5 47. Nd3+ Kd5 48. Nf4+ Kc4 49. Ke4 Rb3 50. Ne6 d5+ 51.
Ke5 Rxb5 52. Nc7 Rb7 53. Nxd5 Rb5 54. Ke4 Rxd5 0-1

[Event "Betsys MČR v online bleskovém šachu 2021"]
[Site "Chess.com"]
[Date "2021.04.17"]
[Round "13"]
[White "JindrichT_CZE"]
[Black "clarissamcclellan"]
[Result "1-0"]
[WhiteElo "2050"]
[BlackElo "1830"]
[TimeControl "180+1"]
[EndTime "11:11:38 PDT"]
[Termination "Uživatel JindrichT_CZE zvítězil po vzdání soupeře"]

1. e4 c5 2. c4 e6 3. Nc3 Nc6 4. g3 Nf6 5. Bg2 d6 6. Nge2 Be7 7. d4 cxd4 8. Nxd4 O-O 9. Nxc6 bxc6 10. e5 dxe5 11.
Qxd8 Rxd8 12. Bxc6 Rb8 13. b3 Bb4 14. Bd2 Bb7 15.
Bxb7 Rxb7 16. O-O-O Rbd7 17. Kc2 Ng4 18. Rhf1 Nxh2 19.
Rh1 Nf3 20. Be3 Nd4+ 21. Bxd4 exd4 22. Ne4 d3+ 23. Kb2 h6 24. a3 Be7 25. b4 Rd4 26.
Nd2 Bg5 27. Kc3 Bf6 28. Kb3 e5 29. c5 e4 30. Nc4 Be7 31. Rhe1 f5 32. Ne5 Rc8 33.
Kc3 Rd5 34. Nc4 Rcd8 35. Ne3 d2 36. Re2 Rd3+ 37. Kc2 Rxa3 38. Rexd2 Ra2+ 39. Kc1 Ra1+ 40. Kc2 Ra2+ 41. Kc1 Rdxd2 42. Rxd2 Rxd2 43. Kxd2 g6 44. Nd5 Kf7 45. Nc7 Bd8 46. Nb5 a6 47. Nd6+ Ke6 48.
Nb7 Kd5 49. Nxd8 Kc4 50. c6 Kxb4 51. c7 Kc5 52. c8=Q+ 1-0

[Event "Betsys MČR v online bleskovém šachu 2021"]
[Site "Chess.com"]
[Date "2021.04.17"]
[Round "13"]
[White "matykov"]
[Black "Nimrod64"]
[Result "1-0"]
[WhiteElo "2017"]
[BlackElo "2225"]
[TimeControl "180+1"]
[EndTime "11:11:41 PDT"]
[Termination "Uživatel matykov zvítězil na čas"]

1. e4 d5 2. exd5 Qxd5 3. Nc3 Qd6 4. Nf3 Nf6 5. d4 c6 6. Be2 Bf5 7. O-O e6 8. Bg5 Nbd7 9. Bh4 Qc7 10. Bg3 Bd6 11. Bd3 Bg6 12. Bxg6 hxg6 13. Qe2 Bxg3 14. hxg3 O-O-O 15. Ne5 Rdf8 16. Nxd7 Qxd7 17. Rad1 Rh7 18. Ne4 Rfh8 19. f3 Nh5 20. Kf2 Qc7 21. f4 Nf6 22.
Nxf6 gxf6 23. c3 Qd6 24. Rfe1 a6 25. Qe4 Rh5 26. c4 Rf5 27. Rh1 Rxh1 28. Rxh1 g5 29. Rh8+ Kd7 30. Kf3 gxf4 31. gxf4 Qb4 32. b3 Qd2 33. Rb8 Kc7 34. Rf8 Qd1+ 35. Kf2 Qh5 36. Qf3 Qh4+ 37. g3 Qh7 38. g4 Ra5 39. a4 Qh2+ 40.
Kf1 Qh7 41. Qc3 b6 42. c5 Qh1+ 43. Ke2 Qg2+ 44. Ke1 Qg1+ 45. Kd2 1-0

[Event "Betsys MČR v online bleskovém šachu 2021"]
[Site "Chess.com"]
[Date "2021.04.17"]
[Round "13"]
[White "mayerrs"]
[Black "TrickyPeat"]
[Result "1-0"]
[WhiteElo "1870"]
[BlackElo "2143"]
[TimeControl "180+1"]
[EndTime "11:11:42 PDT"]
[Termination "Uživatel mayerrs zvítězil na čas"]

1. g3 Nf6 2. Bg2 g6 3. e3 Bg7 4. Ne2 O-O 5. O-O d6 6. d4 Nbd7 7. c4 Re8 8. b4 a5 9. b5 e5 10. a4 exd4 11. Nxd4 Nc5 12. Bb2 Ng4 13. Nd2 Ne5 14.
N2f3 Nxc4 15. Qc2 Nxb2 16. Qxb2 Bg4 17. Qc2 Qd7 18. Rad1 Rad8 19. Rd2 Qe7 20. h3 Bc8 21. Kh2 Ne4 22. Rdd1 h5 23. h4 Bg4 24. Rc1 Nc5 25. Ng5 Qf6 26. f3 Bc8 27. e4 Qxd4 28.
Rfd1 Qf6 29. Qc4 Bh6 30. e5 Rxe5 31. f4 Re7 32. Bd5 Bxg5 33. hxg5 Qb2+ 34. Kg1 Bh3 35. Rc2 Qb4 36. Qxb4 axb4 37. Kh2 Bg4 38. Rb1 Bf5 39. Rcb2 Bxb1 40. Rxb1 Re2+ 41. Kh3 b3 42. Bf3 Re3 43.
Bd5 b6 44. Rb2 Rde8 45. Bc4 Rc3 46. Bd5 Ree3 47. Rg2 Rc2 48. Rg1 b2 49. Rb1 Ree2 50.
g4 Re3+ 51. Bf3 Rxf3+ 52. Kh4 1-0

[Event "Betsys MČR v online bleskovém šachu 2021"]
[Site "Chess.com"]
[Date "2021.04.17"]
[Round "13"]
[White "Hollow_Head"]
[Black "vaclavbelaska"]
[Result "0-1"]
[WhiteElo "1085"]
[BlackElo "1382"]
[TimeControl "180+1"]
[EndTime "11:11:42 PDT"]
[Termination "Uživatel vaclavbelaska zvítězil matem"]

1. e4 c5 2. Nf3 d6 3. Nc3 Nf6 4. g3 g6 5. Bg2 Bg7 6. O-O O-O 7.
d3 Nc6 8. Nd5 Nxd5 9. exd5 Ne5 10. Nxe5 Bxe5 11. c3 Bf5 12. d4 cxd4 13. cxd4 Bg7 14.
Bd2 Rc8 15. Rc1 Rxc1 16. Qxc1 Qc8 17. Qxc8 Rxc8 18. Be3 Rc2 19. Rb1 Rxf2 20. Bxf2 Bxb1 21. a3 Bh6 22. Kf1 Bc1 23. b4 Bxa3 24. b5 Bd3+ 25. Ke1 Bb4+ 26. Kd1 Bxb5 27. Kc2 Kg7 28. Kb3 Ba5 29. Be3 f5 30. Bf3 Kf6 31. g4 fxg4 32. Bxg4 Bd3 33. h4 Be4 34. Bg5+ Kf7 35. Be6+ Kf8 36. Bh6+ Ke8 37. Ka4 Bc3 38. Kb3 Bxd4 39. Kc4 Be5 40. Kb5 Bf5 41. Bxf5 gxf5 42. Kc4 Kf7 43. Kd3 Kf6 44. Bg5+ Kf7 45. Ke3 Bf6 46.
Bxf6 Kxf6 47. Kf4 h5 48. Kf3 e6 49. dxe6 Kxe6 50. Kf4 Kf6 51. Kf3 a5 52. Kf4 a4 53.
Kf3 a3 54. Kf4 a2 55. Kf3 a1=Q 56. Kf4 Qd4+ 57. Kf3 b5 58. Ke2 b4 59. Kf3 b3 60.
Ke2 b2 61. Kf3 b1=Q 62. Ke2 Qbe4+ 63. Kf1 Qdd3+ 64. Kf2 Qdf3+ 65. Kg1 d5 66. Kh2 d4 67. Kg1 d3 68. Kh2 d2 69. Kg1 d1=B 70. Kh2 f4 71. Kg1 Qa3 72. Kh2 f3 73. Kg1 Qe1+ 74. Kh2 f2 75.
Kg2 f1=B+ 76. Kh2 Qe5+ 77. Kg1 Ba6 78. Kg2 Qf3+ 79. Kg1 Qee3+ 80. Kh2 Qff2+ 81. Kh1 Bf3# 0-1

[Event "Betsys MČR v online bleskovém šachu 2021"]
[Site "Chess.com"]
[Date "2021.04.17"]
[Round "13"]
[White "ffbp3q"]
[Black "Rozmetal"]
[Result "1-0"]
[WhiteElo "2354"]
[BlackElo "2157"]
[TimeControl "180+1"]
[EndTime "11:11:44 PDT"]
[Termination "Uživatel ffbp3q zvítězil na čas"]

1. d4 Nf6 2. c4 g6 3. Nc3 d6 4. e4 Bg7 5. Nf3 O-O 6. h3 e5 7. d5 a5 8. Bg5 h6 9. Be3 Na6 10. g4 Nd7 11. Qd2 Kh7 12. h4 Ndc5 13. h5 g5 14.
Bxg5 hxg5 15. Nxg5+ Kh8 16. h6 Bf6 17. Nf3 Bxg4 18.
Be2 Bxf3 19. Bxf3 Bg5 20. Qe2 Qf6 21. Bg4 Nb4 22. Bf5 Nbd3+ 23. Kf1 Nf4 24. Qf3 Rg8 25. Nb5 c6 26. Nc3 cxd5 27. cxd5 Ncd3 28. Rb1 Rac8 29. Bxc8 Rxc8 30. Qg4 Rg8 31. Nd1 Bh4 32. Qxh4 Qxh4 33. Rxh4 Rc8 34. Ne3 Kh7 35. Kg1 b5 36.
f3 b4 37. Rg4 Ng6 38. Kh2 a4 39. Rg2 b3 40. axb3 axb3 41. Ra1 Ndf4 42. Rd2 Rc7 43. Ra6 Nh4 44. Kg3 Nhg6 45. Rxd6 Rc1 46. Rd7 Rg1+ 47. Kh2 Re1 48. Nf5 Nh4 49. Nxh4 1-0

[Event "Betsys MČR v online bleskovém šachu 2021"]
[Site "Chess.com"]
[Date "2021.04.17"]
[Round "13"]
[White "Patrik_Kohm"]
[Black "Kamilotka"]
[Result "0-1"]
[WhiteElo "1389"]
[BlackElo "1586"]
[TimeControl "180+1"]
[EndTime "11:11:45 PDT"]
[Termination "Uživatel Kamilotka zvítězil matem"]

1. e4 e5 2. Nf3 Nc6 3. Bc4 Be7 4. O-O Nf6 5. d3 d6 6. Nc3 Bg4 7. Be3 h6 8. h3 Bh5 9. Nd5 a6 10.
Bb3 O-O 11. Qe2 Nh7 12. Nxe7+ Qxe7 13. Bd5 Rab8 14. g4 Bg6 15. Nh2 Ng5 16. Kg2 Ne6 17. f4 exf4 18. Bxf4 Ncd4 19. Qd2 c6 20. Bb3 Nxf4+ 21.
Rxf4 Ne6 22. Bxe6 fxe6 23. Raf1 Rxf4 24. Rxf4 Rf8 25. Nf3 h5 26. Rxf8+ Kxf8 27. Qf4+ Kg8 28. Qg5 Qxg5 29. Nxg5 hxg4 30. hxg4 e5 31. Kf3 Kf8 32. Ke3 Ke7 33. d4 Kf6 34. Nh3 Bf7 35. b3 b5 36.
c3 a5 37. dxe5+ dxe5 38. Nf2 Kg5 39. Kd3 Kf4 40. Nd1 Kxg4 41. c4 bxc4+ 42. bxc4 Kf3 43. Nc3 g5 44. Na4 g4 45. Nb2 g3 46. Nd1 g2 47. Ne3 g1=Q 48. Nc2 Qd1+ 49. Kc3 Kf2 50. Kb3 Qxc2+ 51. Kxc2 Ke3 52. Kc3 Kxe4 53. Kb3 Kd4 54. Ka4 Bxc4 55. Kxa5 e4 56. Kb6 Bxa2 57. Kxc6 e3 58.
Kd6 e2 59. Kd7 e1=Q 60. Kc6 Qe4+ 61. Kc7 Kc5 62. Kb8 Qd5 63. Ka7 Kc6 64. Kb8 Qd6+ 65. Ka7 Qc7+ 66. Ka6 Qb6# 0-1

[Event "Betsys MČR v online bleskovém šachu 2021"]
[Site "Chess.com"]
[Date "2021.04.17"]
[Round "13"]
[White "NikolaKusova"]
[Black "pburak"]
[Result "0-1"]
[WhiteElo "966"]
[BlackElo "1286"]
[TimeControl "180+1"]
[EndTime "11:11:45 PDT"]
[Termination "Uživatel pburak zvítězil na čas"]

1. e4 e5 2. Nf3 Nc6 3. d4 exd4 4.
Bc4 Nf6 5. e5 d5 6. Bb5 Ne4 7.
Qe2 a6 8. Ba4 Bc5 9. O-O O-O 10.
Bxc6 bxc6 11. Nbd2 Bg4 12. Nxe4 dxe4 13. Qxe4 Qd7 14.
Ng5 g6 15. h3 Bf5 16. Qf3 Bxc2 17. Qe2 Bf5 18. Bf4 Rfe8 19. g4 Be6 20. Nxe6 Qxe6 21.
Rac1 Bb6 22. Qe4 Qd5 23. Qxd5 cxd5 24. Rc6 Re6 25. Rxe6 fxe6 26. Rc1 Rf8 27. Bh6 Rf3 28. Rc6 Kf7 29. Bg5 Rxh3 30. Kg2 Rd3 31. b3 Rd2 32. Kf3 Rxa2 33. Kg2 d3 34. Kf1 d2 35. Ke2 Ba5 36.
Bxd2 Rxd2+ 37. Ke1 Rc2+ 38. Kd1 Rxc6 39. Ke2 d4 40. Kf3 d3 41. Kg2 d2 42. Kh3 d1=Q 43. Kh4 Qh1+ 44. Kg3 Rc3+ 45. Kf4 Qf3+ 0-1

[Event "Betsys MČR v online bleskovém šachu 2021"]
[Site "Chess.com"]
[Date "2021.04.17"]
[Round "13"]
[White "Svandik49"]
[Black "Mitram64"]
[Result "1/2-1/2"]
[WhiteElo "2260"]
[BlackElo "2108"]
[TimeControl "180+1"]
[EndTime "11:11:46 PDT"]
[Termination "Remíza opakováním pozice"]

1. e4 c6 2. d3 d5 3. Nd2 e5 4. g3 Nf6 5. Bg2 Bc5 6. Ngf3 Nbd7 7.
O-O O-O 8. Re1 Re8 9. c3 dxe4 10. dxe4 Qb6 11. Qe2 a5 12. Nc4 Qc7 13. Rd1 b5 14. Ncd2 Nf8 15. Nf1 Ba6 16. Qc2 Ng4 17. Ne3 Nxe3 18.
Bxe3 Bxe3 19. fxe3 Rad8 20. Bh3 f6 21. a4 Qb6 22.
Kf2 bxa4 23. Ng1 Rb8 24. Rd2 Ne6 25. Bxe6+ Rxe6 26. Rxa4 Ree8 27. Ra3 Red8 28. Nf3 Bc4 29. Qc1 Qc5 30. Ne1 Qb6 31. Nf3 Be6 32. Qc2 Bg4 33. Qc1 Bxf3 34. Kxf3 Rxd2 35. Qxd2 Qxb2 36. Qxb2 Rxb2 37.
Rxa5 Rb3 38. Rc5 Rb6 39. Ra5 Kf7 40. Ra7+ Kg6 41. Rc7 h5 42. h4 Kh6 43. c4 g5 44.
hxg5+ Kxg5 45. c5 Ra6 46. Rc8 Kg6 47. Kg2 Ra2+ 48. Kf3 Ra6 49. Rg8+ Kf7 50. Rc8 Kg6 1/2-1/2

[Event "Betsys MČR v online bleskovém šachu 2021"]
[Site "Chess.com"]
[Date "2021.04.17"]
[Round "13"]
[White "EliasD123"]
[Black "pavelchrz"]
[Result "0-1"]
[WhiteElo "1336"]
[BlackElo "1663"]
[TimeControl "180+1"]
[EndTime "11:11:47 PDT"]
[Termination "Uživatel pavelchrz zvítězil matem"]

1. e4 e5 2. Nf3 Nc6 3. Bc4 Nf6 4. Nc3 Nxe4 5. Nxe4 d5 6. Bd3 dxe4 7. Bxe4 Bg4 8. d3 Nd4 9. h3 Bxf3 10. gxf3 Bc5 11. Be3 Qf6 12. Bxd4 Bxd4 13. c3 Bb6 14.
Qd2 O-O-O 15. O-O-O Qh4 16. Qc2 Bxf2 17. Qb3 Bb6 18.
a4 f5 19. Bxf5+ Kb8 20. Be4 Qg5+ 21. Kb1 c6 22. a5 Bxa5 23. Bxc6 Bb6 24. Be4 Qe3 25.
c4 Qd4 26. Rhe1 Rd6 27. Rc1 Rc8 28.
Rc2 Rc5 29. Rec1 g5 30. Qa4 Rd7 31. b4 Rc8 32. c5 Bd8 33. Rc4 Qf2 34. Qxd7 Bc7 35.
c6 b6 36. Bf5 Rd8 37. Qe7 Qxf3 38. Qe6 Qf2 39. d4 exd4 40. Re1 h5 41. b5 g4 42. hxg4 h4 43. g5 h3 44. Bxh3 Qg3 45. g6 Qb3+ 46.
Kc1 Bf4+ 47. Re3 Bxe3+ 48. Qxe3 dxe3 49. Re4 Rd1# 0-1

[Event "Betsys MČR v online bleskovém šachu 2021"]
[Site "Chess.com"]
[Date "2021.04.17"]
[Round "13"]
[White "Toman_26"]
[Black "Fafin1"]
[Result "1-0"]
[WhiteElo "1151"]
[BlackElo "1258"]
[TimeControl "180+1"]
[EndTime "11:11:49 PDT"]
[Termination "Uživatel Toman_26 zvítězil na čas"]

1. e4 e5 2. Nf3 d6 3. d4 exd4 4. Nxd4 Nf6 5. Bd3 Bg4 6. f3 Bh5 7. O-O Be7 8. c4 h6 9. Nc3 O-O 10. Be3 c5 11. Nc2 Nc6 12. a3 Rb8 13. b4 cxb4 14. axb4 a6 15. b5 axb5 16. cxb5 Ne5 17. Be2 b6 18. Nd5 Nxd5 19. Qxd5 Rc8 20. Nd4 Qd7 21.
Rfc1 Kh8 22. Nc6 Nxc6 23. Rxc6 Rxc6 24. bxc6 Qc7 25. Qb5 Rb8 26. Ra6 Bd8 27. Bc4 f6 28. Bd5 Be8 29. Ra1 Kh7 30. Bf2 Rc8 31. Rc1 Ra8 32.
Rb1 Ra5 33. Qxb6 Qxb6 34. Bxb6 Bxb6+ 35. Rxb6 Ra1+ 36. Kf2 Rc1 37. Kg3 Kg6 38. c7 Rxc7 39. Rxd6 Kg5 40. h4+ Kg6 41. Kg4 Rc2 42. g3 Bf7 43.
h5+ Kh7 44. Bxf7 Rd2 45. Bg6+ Kg8 46. Rxd2 Kf8 47. f4 Ke7 48. e5 fxe5 49. fxe5 1-0

[Event "Betsys MČR v online bleskovém šachu 2021"]
[Site "Chess.com"]
[Date "2021.04.17"]
[Round "13"]
[White "Milan_Jancek"]
[Black "Bavorak15"]
[Result "1-0"]
[WhiteElo "1820"]
[BlackElo "1633"]
[TimeControl "180+1"]
[EndTime "11:11:50 PDT"]
[Termination "Uživatel Milan_Jancek zvítězil na čas"]

1. c4 Nf6 2. Nc3 g6 3. g3 Bg7 4. Bg2 O-O 5. d3 c6 6. Nf3 d5 7. cxd5 cxd5 8. d4 b6 9. O-O Bb7 10.
Bf4 a6 11. Rc1 Nc6 12. a3 Rc8 13.
Qd2 Ne4 14. Qe3 Nxc3 15. Rxc3 Qd7 16. Bh6 Na5 17. Bxg7 Kxg7 18. Ne5 Qe6 19. Rfc1 f6 20. Rxc8 Rxc8 21. Rxc8 Qxc8 22. Nd3 Qc7 23. Nb4 Nc4 24.
Qc3 Qd6 25. e3 a5 26. Nd3 Kf7 27. Bf1 Ba6 28. Nf4 g5 29. Ng2 b5 30. Qc1 h6 31.
b3 Nb6 32. Bd3 Nd7 33. Ne1 b4 34. a4 Bxd3 35. Nxd3 Kg7 36. Kg2 Kf7 37. Qc2 Kg7 38.
Ne1 Qb6 39. Nf3 Qd6 40. h4 Qb6 41. hxg5 hxg5 42. Qf5 Qd6 43. Qc2 Qb6 44. Nh2 Qd6 45. f4 Qb6 46. Ng4 Qd6 47. Qf5 1-0

[Event "Betsys MČR v online bleskovém šachu 2021"]
[Site "Chess.com"]
[Date "2021.04.17"]
[Round "13"]
[White "jarosymon"]
[Black "Svisthorsky"]
[Result "1-0"]
[WhiteElo "1713"]
[BlackElo "1460"]
[TimeControl "180+1"]
[EndTime "11:11:51 PDT"]
[Termination "Uživatel jarosymon zvítězil na čas"]

1. e4 e5 2. Nf3 Nc6 3. d4 exd4 4. Nxd4 Nxd4 5. Qxd4 b6 6. c4 Bb7 7. Nc3 Bc5 8. Qxg7 Qf6 9. Qxf6 Nxf6 10. f3 O-O-O 11. Bg5 Be7 12. O-O-O h6 13. Bh4 Rhe8 14. Be2 Nh7 15. Bf2 Bb4 16. Kc2 Be7 17. Nd5 Bf8 18. Bh4 f6 19. Nxf6 Nxf6 20. Bxf6 Be7 21. Bxe7 Rxe7 22.
h4 Rg7 23. g4 c5 24. Rd6 Rh7 25. Rhd1 Bc6 26. a3 a5 27. b3 Kc7 28. Kc3 Rf8 29. b4 axb4+ 30. axb4 Ra8 31. b5 Bb7 32. Kb3 Rd8 33.
Rf6 Re8 34. Rdd6 Re6 35. Rdxe6 dxe6 36. Rxe6 h5 37. g5 Rg7 38. Rh6 Bc8 39. Rxh5 Kd6 40.
f4 Rf7 41. Rh6+ Ke7 42. f5 Bxf5 43. exf5 Rxf5 44. Rf6 Rxf6 45. gxf6+ Kxf6 46. Kc3 Kg6 47.
Kd3 Kh6 48. Ke4 Kg6 49. Bg4 Kf6 50. Kd5 Ke7 51. Kc6 1-0

[Event "Betsys MČR v online bleskovém šachu 2021"]
[Site "Chess.com"]
[Date "2021.04.17"]
[Round "13"]
[White "Diamantidis_13"]
[Black "YoungMegaMind"]
[Result "1-0"]
[WhiteElo "2455"]
[BlackElo "2255"]
[TimeControl "180+1"]
[EndTime "11:11:52 PDT"]
[Termination "Uživatel Diamantidis_13 zvítězil na čas"]

1. Nf3 d5 2. d4 Nf6 3. c4 e6 4. g3 dxc4 5. Bg2 a6 6. O-O Nc6 7. e3 Rb8 8. Qe2 b5 9. b3 cxb3 10. axb3 Be7 11. Bd2 O-O 12. Rc1 Nb4 13. Bxb4 Bxb4 14.
Ne5 Rb6 15. Nc6 Qd6 16. Ra2 Bd7 17. Rac2 Bxc6 18. Rxc6 Rxc6 19. Rxc6 Qe7 20. Rxa6 c5 21. Qxb5 cxd4 22. exd4 Rc8 23. Rc6 Rd8 24. Rb6 Bd6 25.
Rb7 Qf8 26. Nd2 g6 27. Nf3 h6 28. h3 Nd5 29. Ne5 Bxe5 30. dxe5 Qa3 31. Bxd5 exd5 32. Qd3 Qa1+ 33. Kg2 Qxe5 34. Qf3 Qe4 35. Rxf7 Rb8 36. Rf4 Qxf3+ 37. Rxf3 Kg7 38. Rd3 Rb4 39. f4 Kf6 40.
Kf3 Ke6 41. g4 h5 42. Kg3 Kf6 43. Kh4 Rxf4 44. Rxd5 hxg4 45. hxg4 Rb4 46. Rd3 Rb5 47. Re3 Rb4 48. Rf3+ Kg7 49. Kg5 Rb5+ 50. Kf4 Kf6 51. Ke4+ Kg5 52. Rg3 Rb4+ 53. Kd5 1-0